 Dungeon Crawl Stone Soup version 0.31-a0-521-gc7390f8997 (webtiles) character file.

Game seed: 14940810295061296133

392 MisterAzrael the Cudgeller (level 6, -6/46 (51) HPs)
             Began as a Minotaur Fighter on Aug 10, 2023.
             Killed by divine providence
             ... invoked by an orc priest
              (16 damage)
             ... on level 5 of the Dungeon.
             The game lasted 00:03:25 (3481 turns).

MisterAzrael the Cudgeller (Minotaur Fighter)       Turns: 3481, Time: 00:03:25

HP:   -6/46 (51)    AC:  9    Str: 23    XL:     6   Next: 50%
MP:   5/5           EV:  8    Int:  5    God:
Gold: 179           SH:  4    Dex:  9    Spells: 5/5 levels left

rFire   . . .        g - +1 flail (protect)
rCold   . . .        c - +0 buckler
rNeg    . . .        s - +0 chain mail
rPois   .            (helmet restricted)
rElec   .            (no cloak)
rCorr   .            (no gloves)
SInv    .            (no boots)
Will    .....        (no amulet) Stlth
                     (no ring)
HPRegen 0.27/turn    (no ring)
MPRegen 0.09/turn

%: no passive effects
@: drained
A: horns 2, retaliatory headbutt
a: no special abilities


You were on level 5 of the Dungeon.
You visited 1 branch of the dungeon, and saw 5 of its levels.
You also visited: Sewer.

You collected 179 gold pieces.

Inventory:

Hand Weapons
 a - a +0 long sword
 g - a +1 flail of protection (weapon)
Missiles
 e - 11 poisoned darts
 i - 6 javelins
 j - 9 boomerangs (quivered)
 w - 6 darts of dispersal
Armour
 b - a +0 scale mail
 c - a +0 buckler (worn)
 s - a +0 chain mail (worn)
 D - a +0 ring mail of fire resistance
Jewellery
 y - a ring of positive energy
Wands
 p - a wand of roots (7)
 C - a wand of flame (30)
Scrolls
 f - a scroll of torment {unknown}
 h - a scroll of teleportation {unknown}
 k - 5 scrolls of identify {unknown}
 m - 2 scrolls of amnesia {unknown}
 n - 2 scrolls of fog {unknown}
 o - a scroll of enchant weapon {unknown}
 q - 2 scrolls of fear {unknown}
 v - a scroll of enchant armour {unknown}
 x - 2 scrolls of revelation {unknown}
 z - a scroll of blinking {unknown}
 E - a scroll of noise {unknown}
Potions
 d - 2 potions of might
 l - a potion of cancellation {unknown}
 r - 3 potions of brilliance {unknown}
 t - a potion of curing {unknown}
 u - 2 potions of heal wounds {unknown}
 A - 6 potions of haste {unknown}
 B - 2 potions of mutation {unknown}


   Skills:
 - Level 3.6 Fighting
 - Level 2.6 Long Blades
 * Level 6.2 Maces & Flails
 + Level 3.7 Throwing
 - Level 3.6 Armour
 - Level 3.6 Shields


You had 5 spell levels left.
You didn't know any spells.
Your spell library contained the following spells:

 Spells                   Type           Power      Damage    Failure   Level
 Sting                    Tmut/Pois      0%         1d3       98%         1
 Ensorcelled Hibernation  Hex/Ice        0%         N/A       99%         2
 Passwall                 Tmut/Erth      0%         N/A       99%         2
 Poisonous Vapours        Pois/Air       0%         N/A       99%         2
 Sublimation of Blood     Necr           0%         N/A       99%         2
 Call Canine Familiar     Summ           0%         N/A       100%        3
 Dazzling Flash           Conj/Hex       0%         N/A       100%        3
 Portal Projectile        Hex/Tloc       0%         N/A       100%        3
 Stone Arrow              Conj/Erth      0%         3d7       100%        3
 Swiftness                Air            0%         N/A       100%        3
 Volatile Blastmotes      Fire/Tloc      0%         2d10      100%        3
 Animate Armour           Summ/Erth      0%         N/A       100%        4
 Leda's Liquefaction      Hex/Erth       0%         N/A       100%        4
 Olgreb's Toxic Radiance  Pois           0%         N/A       100%        4
 Petrify                  Tmut/Erth      0%         N/A       100%        4
 Irradiate                Conj/Tmut      0%         3d11      100%        5
 Starburst                Conj/Fire      0%         6d3       100%        6
 Lehudib's Crystal Spear  Conj/Erth      0%         10d2      100%        8
 Maxwell's Capacitive Co  Air            0%         ∞         100%        8


Dungeon Overview and Level Annotations

Branches:
Dungeon (5/15)              Sewer (visited)
 Temple: D:4-7

Altars:
Kikubaaqudgha
Makhleb
Vehumet
Xom
The Shining One

Shops:
D:3 [

Annotations:
D:3 2 runed translucent doors, GoodGuyCap's ghost, weakling OpSh


Innate Abilities, Weirdness & Mutations

You have a pair of horns on your head.
You reflexively headbutt those who attack you in melee.


Message History

The orc priest hits you with a +0 dagger.
You barely miss the orc priest. Something hits you but does no damage.
The orc priest hits you but does no damage.
You hit the orc priest.
Your weapon exudes an aura of protection.
The orc priest is moderately wounded.
The orc priest calls down the wrath of Beogh upon you.
Pain shoots through your body! You block the orc priest's attack.
Something hits you but does no damage. x2; You block the orc priest's attack.
The orc priest casts a cantrip, but nothing happens.
You barely miss the orc priest.
The orc priest is moderately wounded.
Something hits you but does no damage.
The orc priest hits you but does no damage.
The orc priest hits you with a +1 hand axe of draining.
You feel drained.
You barely miss something. Something hits you but does no damage.
The orc priest hits you with a +0 dagger.
The orc priest closely misses you.
You miss something.
The orc priest hits you with a +1 hand axe of draining.
You feel drained. You block something's attack.
You block the orc priest's attack.
You closely miss something.
The orc priest hits you but does no damage.
You feel drained. Something hits you.
The orc priest hits you but does no damage.
You miss something.
The orc priest hits you but does no damage.
You feel drained. Something hits you.
The orc priest hits you with a +0 dagger.
* * * LOW HITPOINT WARNING * * *
You miss something. Your headbutt misses something.
The orc priest hits you with a +1 hand axe of draining.
* * * LOW HITPOINT WARNING * * *
You feel drained. Something hits you.
* * * LOW HITPOINT WARNING * * *
The orc priest invokes the aid of Beogh against you.
Beogh smites you!
You die...

######
..#######....###
.?.....@..##.#.#
......o{o.##.#.#
..........##.#.#
#.........##.#.#
#########.##.#.#
#(##.#.######.##
#.##.#..........
#.##.#..#####...
#.#......).#


You could see 2 orc priests.

Vanquished Creatures
  A scorpion (D:5)
  2 hounds
  4 jellies
  An orc wizard (D:5)
  3 adders
  A river rat (Sewer)
  A dart slug (D:2)
  6 orcs (D:5)
  15 endoplasms
  9 giant cockroaches
  A goblin (D:2)
  11 hobgoblins
  4 jackals
  2 quokkas (D:4)
  6 ball pythons
  5 bats
  6 frilled lizards
  2 kobolds
  5 rats
85 creatures vanquished.

Notes
Turn   | Place    | Note
-------+----------+-------------------------------------------
     0 | D:1      | MisterAzrael the Minotaur Fighter began the quest for the
                  | Orb.
     0 | D:1      | Reached XP level 1. HP: 19/19 MP: 0/0
   222 | D:1      | Reached skill level 1 in Maces & Flails
   229 | D:1      | Reached XP level 2. HP: 26/26 MP: 1/1
   311 | D:1      | Reached skill level 1 in Throwing
   935 | D:2      | Reached skill level 2 in Maces & Flails
   994 | D:2      | Reached XP level 3. HP: 31/31 MP: 2/2
  1007 | D:2      | Found a shimmering altar of Xom.
  1600 | D:3      | Found a radiant altar of Vehumet.
  1644 | D:3      | Found a large runed translucent door.
  1644 | D:3      | Found a large runed translucent door.
  1649 | D:3      | Noticed GoodGuyCap's ghost (weakling OpSh)
  1929 | D:3      | Found Qiqinas's Antique Armour Boutique.
  2183 | D:4      | Found a glowing golden altar of the Shining One.
  2306 | D:4      | Reached skill level 3 in Maces & Flails
  2311 | D:4      | Found an ancient bone altar of Kikubaaqudgha.
  2320 | D:4      | Found a glowing drain.
  2353 | Sewer    | Entered a sewer
  2378 | Sewer    | Reached XP level 4. HP: 39/39 MP: 3/3
  2557 | Sewer    | Reached skill level 4 in Maces & Flails
  2564 | Sewer    | Reached XP level 5. HP: 45/45 MP: 4/4
  2572 | Sewer    | Found a viscous altar of Jiyva.
  2644 | Sewer    | Reached skill level 5 in Maces & Flails
  2781 | D:4      | Found a burning altar of Makhleb.
  3289 | D:5      | Entered Level 5 of the Dungeon
  3330 | D:5      | Reached XP level 6. HP: 51/51 MP: 5/5
  3355 | D:5      | Reached skill level 6 in Maces & Flails
  3481 | D:5      | Killed from afar by an orc priest

Illustrated notes

Levels and vault maps discovered:
D:1:      erik_arrival_triangle_large, layout_basic
D:2:      layout_basic, basic_altar
D:3:      layout_loops_ring, nicolae_vehumet_radiance, serial_shops, shop,
          ebering_ghost_disaster_area
D:4:      layout_cave_pools, kiku_gazebo_garden_becter,
          makhleb_blood_cavern_becter, nicolae_tso_carved_into_rock,
          serial_co_window_serial, co_window_paths_a, co_window_paths_b,
          co_window_corner_a, co_window_paths_a, co_window_corner_a,
          co_window_cross_3, co_window_2corner, co_window_broadway_a,
          co_window_broadway_a, glass_columns_b, glass_columns_b,
          glass_columns_a, portal_sewer_entry_f
D:5:      layout_basic, grunt_qazlal_clouds, mainiacjoe_overflow_catwalk,
          mainiacjoe_overflow_two_lobes, dk_noncrumbling_4, uniq_edmund,
          uniq_blork_the_orc

Skill      XL: |  1  2  3  4  5  6 |
---------------+-------------------+-----
Maces & Flails | 1 2 3 4 5 6 |  6.2
Throwing       | 1 2 3 |  3.7
Fighting       | |  3.6
Long Blades    | |  2.6
Armour         | |  3.6
Shields        | |  3.6

Action                     |  1- 3 |  4- 6 || total
---------------------------+-------+-------++-------
  Melee: Long sword        |     8 |       ||     8
         Flail             |    87 |    76 ||   163
         Headbutt          |    12 |    13 ||    25
 Armour: Scale mail        |    27 |       ||    27
         Chain mail        |    32 |    66 ||    98
  Dodge: Dodged            |    41 |    32 ||    73
  Block: Buckler           |    19 |    22 ||    41

Table legend: (Time is in decaauts)
 A = Elapsed time spent in this place.
 B = Non-inter-level travel time spent in this place.
 C = Inter-level travel time spent in this place.
 D = Time resting spent in this place.
 E = Time spent auto-exploring this place.
 F = Levels seen in this place.
 G = Mean time per level.
                   A        B        C        D        E       F      G
               +--------+--------+--------+--------+--------+-----+--------+
         Total |   3567 |   3458 |    109 |      0 |   2838 |   6 |  594.5 |
       Dungeon |   3198 |   3089 |    109 |      0 |   2627 |   5 |  639.6 |
         Sewer |    368 |    368 |      0 |      0 |    210 |   1 |  368.0 |
               +--------+--------+--------+--------+--------+-----+--------+

Top non-repeatable levels by time:
     D:1: 919 daAuts
     D:4: 851 daAuts
     D:3: 654 daAuts
     D:2: 578 daAuts
   Sewer: 368 daAuts
     D:5: 195 daAuts
